 Dungeon Crawl Stone Soup version 0.29.1-1-gd02db6906a (webtiles) character file.

Game seed: 9575464976168822166

54 gzilladon the Chopper (level 3, -1/33 HPs)
             Began as a Hill Orc Monk on Sept 26, 2022.
             Slain by Pargi (4 damage)
             ... on level 3 of the Dungeon.
             The game lasted 00:02:45 (714 turns).

gzilladon the Chopper (Hill Orc Monk)                Turns: 714, Time: 00:02:45

Health: -1/33      AC:  8    Str: 15    XL:     3   Next: 91%
Magic:  3/3        EV:  7    Int: 10    God:
Gold:   17         SH:  0    Dex: 13    Spells: 2/2 levels left

rFire   + . .      SeeInvis .   a - +0 hand axe
rCold   . . .      Faith    .   (no shield)
rNeg    . . .      Spirit   .   e - +0 chain mail {rF+}
rPois   .          Reflect  .   (no helmet)
rElec   .          Harm     .   (no cloak)
rCorr   .          Rampage  .   (no gloves)
Will    .....                   (no boots)
Stlth   ..........              (no amulet)
HPRegen 0.11/turn               (no ring)
MPRegen 0.08/turn               (no ring)

@: no status effects
A: no striking features
a: no special abilities


You were on level 3 of the Dungeon.
You visited 1 branch of the dungeon, and saw 3 of its levels.

You collected 17 gold pieces.

Inventory:

Hand Weapons
 a - a +0 hand axe (weapon)
 g - a +1 spectral club
Armour
 b - a +0 robe
 e - a +0 chain mail of fire resistance (worn)
 h - a +0 leather armour
Potions
 c - 2 potions of brilliance {unknown}
 d - 2 potions of heal wounds {unknown}
 f - a potion of haste {unknown}


   Skills:
 + Level 4.2 Fighting
 + Level 4.9 Axes
 + Level 1.0 Armour
 + Level 2.6 Dodging
 + Level 2.0 Stealth


You had 2 spell levels left.
You didn't know any spells.
Your spell library was empty.

Dungeon Overview and Level Annotations

Branches:
Dungeon (3/15)

Altars:

Shops:
D:2 *   D:3 (

Annotations:
D:2 Natasha
D:3 Pargi


Message History

Pargi claws you but does no damage. Pargi closely misses you.
The worm barely misses you.
You slash the worm!
The worm is severely wounded.
You hit the hobgoblin. You hit Pargi but do no damage.
Pargi bites you but does no damage. Pargi claws you but does no damage. x2
The hobgoblin barely misses you.
You hit the worm.
The worm is almost dead.
You hit the hobgoblin.
You kill the hobgoblin!
You hit Pargi. Pargi bites you. Pargi claws you but does no damage. x2
The worm bites you.
You hit the worm but do no damage.
The worm is almost dead.
You hit Pargi but do no damage. Pargi bites you.
Pargi claws you but does no damage. x2
You barely miss the worm.
The worm is almost dead.
You hit Pargi but do no damage. Pargi bites you but does no damage.
Pargi claws you. x2
* * * LOW HITPOINT WARNING * * *
The worm bites you but does no damage.
You hit the worm.
You kill the worm!
You hit Pargi. Pargi closely misses you. Pargi claws you but does no damage.
Pargi barely misses you.
You see here a worm corpse.
Pargi barely misses you. Pargi completely misses you. Pargi claws you.
* * * LOW HITPOINT WARNING * * *
Pargi attacks as you move away! Pargi bites you.
* * * LOW HITPOINT WARNING * * *
Pargi barely misses you. Pargi closely misses you.
Pargi hisses menacingly.
Pargi attacks as you move away!
Pargi barely misses you. x2; Pargi claws you.
* * * LOW HITPOINT WARNING * * *
As you read the scroll labelled MIFI TO GOUDER, it crumbles to dust.
The creatures around you are filled with an inner flame!
It was a scroll of immolation.
Pargi bites you.
You die...

...># ##.###...##
................ ...##.....
.....##.#......# #.##....##
.....##.#......####........
...............#.##......#
.....##.#......#@##.###..## #
...............#.T........# .
.....##........#........†.# .#
..........................# #.#
.....##.##..####..#.####..#...
.######.....>.............#.#.#
.######.#.........#...........#
........#.#.#####.#.####..#.###
........#.#.# #.#.####..#.#


You could see Pargi (inner flame).

Vanquished Creatures
  Ijyb (D:3)
  2 adders (D:3)
  A worm (D:3)
  A dart slug (D:3)
  A bat (D:3)
  An endoplasm (D:2)
  A hobgoblin (D:3)
  A kobold (D:2)
9 creatures vanquished.

Notes
Turn   | Place    | Note
-------+----------+-------------------------------------------
     0 | D:1      | gzilladon the Hill Orc Monk began the quest for the Orb.
     0 | D:1      | Reached XP level 1. HP: 19/19 MP: 1/1
    39 | D:2      | Found Juyn's Assorted Antiques.
   201 | D:2      | Noticed Natasha
   233 | D:3      | Reached XP level 2. HP: 25/27 MP: 2/2
   351 | D:3      | Noticed Ijyb
   393 | D:3      | Killed Ijyb
   394 | D:3      | Reached XP level 3. HP: 15/33 MP: 3/3
   592 | D:3      | Reached skill level 1 in Armour
   595 | D:3      | Found Yxaeth's Antique Weapon Emporium.
   693 | D:3      | Noticed Pargi
   714 | D:3      | Slain by Pargi

Illustrated notes

Levels and vault maps discovered:
D:1:      spicycebolla_green_bress_n_ham_2, layout_basic,
          shapermc_ecumenical_altar_gd
D:2:      layout_basic, serial_shops, nicolae_shop_hallway_stairs,
          minmay_circled_x, uniq_robin, uniq_jessica, uniq_natasha
D:3:      layout_basic, serial_shops, shop, uniq_grinder, uniq_ijyb, uniq_pargi

Skill      XL: |  1  2  3 |
---------------+----------+-----
Fighting       | 4 |  4.2
Armour         | 1 |  1.0
Stealth        | 2 |  2.0
Axes           | |  4.9
Dodging        | |  2.6

Action                   || total
-------------------------++-------
Melee: Hand axe          ||    75
       Punch             ||     1
  Use: Potion            ||     1
       Scroll            ||     1
 Stab: Sleeping          ||     1
Armor: Chain mail        ||    49
       Robe              ||     1
Dodge: Dodged            ||    43
